Map: Black Site 2E

Players

praXis - Winner!

  • Race: Zerg Zerg
  • Spawn Location: 6:00

rickwarrior - Winner!

  • Race: Protoss Protoss
  • Spawn Location: 5:00

Mark - Winner!

  • Race: Zerg Zerg
  • Spawn Location: 3:00

Infamous

  • Race: Protoss Protoss
  • League: Silver
  • Spawn Location: 12:00

Namtho

  • Race: Protoss Protoss
  • Spawn Location: 9:00

LEROY

  • Race: Zerg Zerg
  • Spawn Location: 11:00

VOD

Have the link to the VOD?

Description

Time

  • Played on: April 4, 2018, 2:39 p.m.
  • Length: 15:59
Show
View Real Time Build Order
Export as new Build Order

praXis Zerg - Winner!

Build Orders: Pool First 

Get SALT Encoding   

  12  0:03  Drone  
  13  0:08  Drone  
  14  0:18  Overlord  
  14  0:29  Extractor, Drone  
  15  0:36  Drone  
  16  0:45  Spawning Pool  
  16  0:48  Drone  
  16  0:51  Extractor  
  15  1:03  Drone  
  16  1:12  Drone x2  
  18  1:21  Drone  
  19  1:34  Queen  
  19  1:35  Overlord  
  21  1:40  Drone  
  22  2:17  Hatchery, Metabolic Boost  
  21  2:24  Zergling x2  
  21  2:25  Zergling x4  
  24  2:30  Queen  
  26  2:43  Zergling x2  
  30  2:44  Zergling x6  
  30  2:51  Overlord  
  30  3:10  Drone  
  31  3:19  Drone x4, Extractor  
  34  3:28  Drone  
  34  3:33  Drone  
  36  3:35  Overlord  
  36  3:46  Drone x2  
  38  3:52  Drone x3  
  38  3:53  Zergling x2  
  42  4:02  Drone x2  
  43  4:08  Lair  
  43  4:21  Zergling x4  
  43  4:22  Zergling x8  
  43  4:32  Overlord  
  43  4:45  Extractor  
  42  4:47  Extractor  
  42  4:51  Zergling x12  
  42  4:52  Zergling x4  
  48  5:13  Zergling x6  
  48  5:14  Zergling x6  
  48  5:32  Spire  
  48  5:34  Drone x5  
  52  5:41  Overlord x4  
  52  6:00  Drone x2  
  52  6:01  Drone  
  43  6:20  Drone, Infestation Pit  
  43  6:21  Drone x3  
  43  6:22  Drone  
  47  6:28  Zergling x6  
  47  6:30  Zergling x6  
  53  6:37  Drone x2  
  54  6:56  Drone  
  54  7:02  Hive  
  54  7:20  Corruptor  
  54  7:21  Corruptor x7  
  67  7:37  Zerg Flyer Weapons Level 1  
  64  7:39  Drone, Spire  
  64  7:40  Drone x4  
  64  7:41  Drone  
  69  7:50  Overlord  
  69  8:01  Hatchery  
  69  8:02  Zergling x6  
  71  8:07  Evolution Chamber  
  71  8:08  Drone  
  71  8:25  Drone  
  71  8:26  Drone  
  70  9:05  Roach Warren  
  69  9:10  Greater Spire  
  69  9:16  Viper x2  
  75  9:20  Zergling x4  
  75  9:21  Zergling x24  
  75  9:23  Adrenal Glands  
  89  9:27  Zerg Ground Armor Level 1  
  89  9:31  Zerg Flyer Armor Level 1  
  89  9:41  Drone  
  89  9:43  Overlord  
  89  9:44  Overlord x3  
  84  10:08  Corruptor  
  84  10:09  Corruptor x2  
  90  10:18  Queen  
  94  10:28  Brood Lord  
  94  10:29  Brood Lord x4  
  94  10:32  Zergling x2  
  94  10:33  Zergling x20  
  113  10:41  Zerg Flyer Weapons Level 2  
  113  10:45  Drone x3  
  113  10:46  Extractor  
  108  11:06  Brood Lord x2  
  112  11:16  Drone x4  
  112  11:17  Overlord x2  
  116  11:18  Drone x2  
  116  11:21  Drone x2  
  116  11:22  Drone  
  116  11:25  Extractor  
  120  11:46  Brood Lord  
  120  11:47  Brood Lord x2  
  126  11:49  Zergling x2  
  126  11:50  Zergling x22  
  138  12:00  Overlord x2  
  138  12:01  Overlord x2  
  138  12:17  Zerg Ground Armor Level 2  
  138  12:21  Zergling x8  
  138  12:22  Zergling x2  
  143  12:40  Corruptor x5  
  153  13:03  Corruptor x4  
  145  13:30  Zergling x8  
  145  13:31  Zergling x10  
  147  13:45  Corruptor x3  
  153  13:50  Corruptor  
  155  13:57  Zergling x4  
  155  14:00  Drone  
  148  14:28  Overseer  
  146  14:32  Overseer  
  146  14:38  Zergling x8  
  146  14:39  Zergling x32  
  165  14:59  Overseer  
  164  15:38  Zergling x10  
Show
View Real Time Build Order
Export as new Build Order

rickwarrior Protoss - Winner!

Build Orders:  

Get SALT Encoding   

  12  0:27  Probe  
  13  0:39  Pylon, Probe  
  14  0:51  Probe  
  15  0:59  Forge  
  15  1:09  Pylon  
  15  1:28  Pylon  
  15  1:45  Photon Cannon  
  15  1:51  Photon Cannon  
  14  2:20  Probe  
  15  2:25  Assimilator  
  15  2:32  Probe  
  16  2:44  Probe  
  16  2:45  Gateway  
  16  2:50  Photon Cannon  
  17  2:53  Photon Cannon  
  17  2:56  Probe  
  18  3:06  Photon Cannon  
  18  3:08  Probe  
  18  3:09  Pylon  
  19  3:19  Pylon  
  19  3:23  Pylon  
  19  3:35  Pylon  
  19  3:40  Photon Cannon  
  19  3:46  Photon Cannon  
  19  3:50  Photon Cannon  
  19  3:55  Pylon  
  19  4:06  Photon Cannon  
  19  4:09  Pylon  
  19  4:12  Photon Cannon  
  19  4:15  Photon Cannon  
  19  4:20  Photon Cannon  
  19  4:29  Photon Cannon  
  19  4:58  Assimilator  
  19  5:00  Pylon  
  19  5:06  Assimilator  
  19  5:21  Pylon, Assimilator  
  19  5:34  Pylon  
  19  5:38  Pylon  
  19  5:42  Photon Cannon  
  19  5:45  Photon Cannon  
  19  5:48  Pylon  
  19  5:58  Pylon  
  19  6:02  Pylon  
  19  6:05  Pylon  
  19  6:09  Photon Cannon  
  18  6:40  Probe  
  19  6:52  Probe  
  20  6:58  Cybernetics Core  
  20  7:04  Probe  
  21  7:16  Probe  
  21  7:21  Nexus  
  22  7:28  Probe  
  22  7:29  Pylon  
  23  7:32  Pylon  
  23  7:37  Assimilator  
  23  7:56  Pylon  
  23  8:07  Probe  
  24  8:19  Probe  
  25  8:24  Photon Cannon  
  25  8:26  Photon Cannon  
  25  8:30  Photon Cannon  
  25  8:31  Probe  
  26  8:39  Pylon  
  26  8:43  Probe  
  27  8:55  Probe  
  28  8:56  Warp Gate  
  28  9:06  Probe  
  28  9:09  Twilight Council  
  29  9:18  Probe  
  29  9:24  Assimilator  
  30  9:30  Probe  
  31  9:37  Gateway  
  31  9:40  Gateway  
  31  9:42  Probe  
  32  9:54  Probe  
  33  10:18  Photon Cannon  
  33  10:20  Dark Shrine  
  33  10:22  Gateway  
  33  10:28  Gateway  
  33  10:31  Pylon  
  33  10:37  Gateway  
  33  10:52  Charge  
  33  11:24  Pylon  
  33  11:26  Pylon  
  33  11:40  Dark Templar x5  
  43  11:48  Protoss Shields Level 1  
  43  12:07  Pylon, Nexus  
  43  12:10  Robotics Facility  
  43  12:12  Robotics Facility  
  43  12:19  Dark Templar x2  
  43  12:20  Dark Templar x3  
  53  12:52  Dark Templar x2  
  53  12:53  Dark Templar x3  
  39  13:39  Observer x2  
  35  13:42  Dark Templar  
  35  13:46  Zealot x4  
  45  14:00  Observer x2  
  47  14:22  Observer x2  
  38  14:43  Observer x2  
  40  15:04  Observer x2  
Show
View Real Time Build Order
Export as new Build Order

Mark Zerg - Winner!

Build Orders: Pool First 

Get SALT Encoding   

  12  0:13  Overlord  
  12  0:30  Spawning Pool  
  12  0:32  Drone  
  12  0:47  Drone  
  13  1:01  Extractor  
  13  1:02  Drone  
  14  1:18  Zergling x6  
  16  1:35  Zergling x2  
  17  1:44  Zergling x2  
  18  1:53  Drone  
  19  2:52  Drone  
  19  2:53  Drone x2  
  22  2:59  Hatchery  
  21  3:07  Hatchery  
  20  3:38  Overlord  
  20  3:39  Overlord x2  
  15  4:52  Lair  
  15  4:56  Drone  
  15  4:57  Drone x2  
  18  5:01  Drone x3  
  21  5:12  Extractor  
  20  5:20  Zergling x2  
  20  5:21  Zergling x4  
  23  5:25  Zergling x4  
  25  5:29  Zergling x4  
  25  5:35  Drone  
  28  5:48  Zergling x2  
  29  5:52  Zergling x4  
  29  5:53  Zergling x2  
  32  6:31  Spire  
  31  6:36  Drone x3  
  34  6:43  Extractor  
  22  7:27  Drone  
  22  7:28  Drone x2  
  25  7:43  Mutalisk x3  
  29  7:47  Mutalisk  
  29  7:51  Mutalisk x3  
  39  8:02  Mutalisk x2  
  43  8:08  Mutalisk x2  
  47  8:13  Drone  
  47  8:16  Drone  
  49  8:25  Drone x2  
  51  8:43  Drone x2  
  53  8:49  Extractor  
  53  8:51  Drone  
  53  8:54  Mutalisk x2  
  57  8:57  Overlord  
  57  9:00  Overlord x2  
  57  9:01  Overlord  
  57  9:14  Overlord  
  53  9:55  Mutalisk  
  53  9:56  Mutalisk x2  
  59  10:00  Mutalisk  
  59  10:01  Mutalisk x2  
  59  10:04  Mutalisk  
  59  10:05  Mutalisk x2  
  71  10:45  Overlord  
  71  10:46  Overlord x2  
  71  10:50  Mutalisk x3  
  71  10:54  Overseer  
  77  10:58  Mutalisk  
  79  11:13  Drone x3  
  82  11:22  Drone x2  
  84  11:27  Extractor  
  84  11:28  Drone  
  84  11:41  Zerg Flyer Weapons Level 1  
  84  11:51  Mutalisk x3  
  90  12:38  Mutalisk x3  
  90  12:41  Overseer  
  96  12:45  Mutalisk x2  
  100  12:55  Extractor  
  99  13:01  Mutalisk  
  99  13:02  Mutalisk  
  103  13:07  Mutalisk  
  105  13:35  Zerg Flyer Armor Level 1  
  101  14:03  Mutalisk x3  
  101  14:09  Mutalisk x3  
Show
View Real Time Build Order
Export as new Build Order

Infamous Protoss 

Build Orders:  

Get SALT Encoding   

  12  0:02  Probe  
  13  0:16  Probe  
  14  0:21  Pylon  
  14  0:29  Probe  
  15  0:44  Gateway  
  15  0:46  Probe (Chrono Boost)  
  17  0:57  Probe (Chrono Boost)  
  17  1:02  Gateway  
  17  1:08  Probe  
  18  1:11  Assimilator  
  18  1:14  Pylon  
  18  1:24  Probe  
  19  1:31  Zealot  
  21  1:53  Cybernetics Core  
  21  1:58  Zealot  
  23  2:13  Pylon  
  23  2:14  Probe (Chrono Boost)  
  24  2:17  Assimilator  
  24  2:22  Zealot  
  27  2:24  Probe (Chrono Boost)  
  27  2:36  Pylon  
  27  2:44  Pylon  
  27  2:47  Gateway  
  27  2:52  Stalker (Chrono Boost)  
  27  2:54  Probe  
  30  3:14  Warp Gate (Chrono Boost)  
  32  3:22  Stalker (Chrono Boost)  
  32  3:25  Probe  
  33  3:35  Nexus  
  33  3:37  Probe  
  34  3:45  Adept  
  36  4:10  Zealot  
  36  5:15  Probe (Chrono Boost)  
  36  5:20  Probe (Chrono Boost), Zealot  
  40  5:25  Probe (Chrono Boost)  
  42  5:29  Probe (Chrono Boost)  
  42  5:30  Gateway  
  42  5:32  Gateway  
  42  5:34  Gateway  
  42  5:35  Zealot x2  
  44  5:40  Forge  
  46  5:45  Shield Battery  
  33  6:03  Stalker x2  
  27  6:39  Assimilator  
  27  6:41  Probe x2  
  25  6:48  Zealot x4  
  25  6:49  Zealot  
  33  7:02  Stalker  
  35  7:11  Stalker  
  31  7:25  Stalker x4  
  37  7:32  Probe x2  
  40  7:44  Probe  
  40  7:49  Pylon  
  40  7:54  Pylon  
  40  7:58  Pylon  
  40  8:00  Probe  
  40  8:01  Probe  
  42  8:17  Probe x2  
  42  8:19  Protoss Ground Weapons Level 1  
  44  8:26  Stalker  
  46  8:29  Probe  
  46  8:30  Sentry  
  46  8:31  Sentry  
  51  8:43  Probe x2  
  51  8:45  Photon Cannon  
  53  8:54  Zealot x2  
  57  9:07  Probe  
  57  9:08  Probe  
  59  9:19  Pylon, Probe  
  59  9:20  Probe  
  61  9:24  Photon Cannon  
  61  9:30  Photon Cannon  
  61  9:35  Sentry, Stalker  
  61  9:36  Stalker x2  
  43  10:10  Stalker x2  
  43  10:11  Stalker x3  
  53  10:15  Assimilator  
  53  10:30  Probe x2  
  53  10:33  Stalker  
  57  10:42  Probe x2  
  59  10:45  Photon Cannon x2  
  59  10:47  Shield Battery  
  59  10:53  Sentry x2  
  59  10:54  Probe x2  
  59  10:56  Zealot x2  
  69  11:00  Protoss Ground Armor Level 1 (Chrono Boost)  
  69  11:19  Probe x2  
  69  11:22  Twilight Council  
  69  11:23  Stalker x2  
  75  11:25  Zealot  
  77  11:33  Probe x2  
  79  11:41  Pylon  
  79  11:44  Pylon  
  79  11:46  Stalker  
  81  11:48  Sentry  
  81  11:53  Blink (Chrono Boost)  
  83  11:55  Probe  
  83  11:56  Probe  
  85  12:11  Probe x2  
  85  12:14  Stalker  
  89  12:16  Templar Archives  
  89  12:24  Probe x2  
  91  12:32  Gateway  
  91  12:34  Gateway, Stalker  
  93  12:58  Pylon  
  93  13:04  Robotics Facility  
  91  13:23  Stalker x6  
Show
View Real Time Build Order
Export as new Build Order

Namtho Protoss 

Build Orders:  

Get SALT Encoding   

  12  0:02  Probe  
  13  0:16  Pylon  
  13  0:20  Probe (Chrono Boost)  
  14  0:40  Gateway  
  14  0:47  Assimilator  
  14  0:55  Probe, Assimilator  
  15  1:07  Probe  
  15  1:11  Pylon  
  16  1:19  Probe  
  17  1:32  Probe  
  18  1:34  Cybernetics Core  
  18  1:44  Probe  
  18  1:46  Forge  
  19  1:56  Probe (Chrono Boost)  
  20  2:07  Probe (Chrono Boost)  
  21  2:24  Stargate  
  21  2:25  Photon Cannon  
  21  2:27  Photon Cannon  
  21  2:32  Protoss Air Weapons Level 1  
  21  2:51  Protoss Shields Level 1  
  21  3:33  Void Ray  
  25  3:36  Nexus  
  3  5:02  Nexus  
Show
View Real Time Build Order
Export as new Build Order

LEROY Zerg 

Build Orders: Pool First, Lurkers 

Get SALT Encoding   

  12  0:22  Spawning Pool  
  12  0:24  Drone  
  12  0:29  Drone  
  12  0:33  Drone  
  14  0:45  Extractor  
  14  0:48  Extractor  
  12  0:51  Drone x2  
  14  1:00  Overlord  
  14  1:18  Queen  
  16  1:39  Zergling x6  
  19  1:52  Drone  
  20  2:10  Metabolic Boost  
  20  2:14  Drone, Zergling x2  
  22  2:20  Lair  
  22  2:30  Overlord  
  22  2:53  Evolution Chamber  
  22  2:54  Zergling x2  
  22  2:55  Zergling x4  
  24  3:07  Drone  
  25  3:23  Drone x4  
  29  3:35  Hydralisk Den  
  29  3:40  Zergling x2  
  29  3:43  Zerg Melee Weapons Level 1  
  29  4:03  Spine Crawler  
  29  4:09  Spine Crawler  
  27  4:15  Lurker Den  
  27  4:16  Drone x4  
  30  4:22  Overseer  
  22  4:55  Drone x4  
  22  4:56  Overlord  
  26  5:10  Grooved Spines  
  26  5:19  Hydralisk x3  
  32  5:30  Spine Crawler  
  31  5:38  Drone x3  
  34  5:45  Burrow  
  34  5:48  Lurker x2  
  36  5:51  Lurker  
  37  5:59  Overseer  
  37  6:06  Overlord  
  37  6:31  Zerg Missile Weapons Level 1  
  37  6:34  Drone  
  37  6:35  Drone x2, Overlord  
  37  6:36  Overlord  
  40  6:46  Hydralisk  
  40  6:47  Hydralisk  
  40  6:50  Overseer  
  40  6:52  Muscular Augments  
  44  7:10  Hatchery  
  44  7:11  Drone  
  44  7:12  Drone x3  
  48  7:23  Lurker x2  
  49  7:35  Drone  
  49  7:36  Drone x3  
  53  8:01  Drone x3  
  53  8:02  Drone x2  
  53  8:03  Queen  
  60  8:22  Drone  
  60  8:25  Queen  
  60  8:26  Drone  
  64  8:49  Extractor  
  63  8:57  Extractor  
  62  9:22  Zerg Missile Weapons Level 2, Spine Crawler  
  62  9:23  Spire  
  60  9:36  Spore Crawler  
  59  9:38  Spore Crawler  
  59  9:44  Pneumatized Carapace  
  58  9:50  Drone x4  
  58  9:51  Drone x2  
  64  10:08  Hydralisk x2  
  68  10:19  Spore Crawler  
  67  10:23  Spine Crawler  
  67  10:26  Spore Crawler  
  65  10:32  Spore Crawler  
  65  10:35  Spore Crawler, Lair  
  63  10:43  Lurker x2  
  63  10:45  Overlord x3  
  63  10:46  Overlord x3  
  65  10:50  Zerg Flyer Weapons Level 1  
  65  11:07  Overlord x3  
  65  11:08  Drone  
  65  11:09  Drone x2  
  68  11:31  Spore Crawler  
  67  11:37  Spore Crawler  
  66  11:41  Spire  
  66  11:42  Overseer x3  
  65  11:52  Zerg Ground Armor Level 1  
  65  12:20  Hydralisk  
  65  12:21  Hydralisk x5  
  77  12:28  Hydralisk x5  
  77  12:29  Hydralisk x6  
  93  12:30  Hydralisk  
  101  12:44  Zerg Flyer Armor Level 1  
  101  12:48  Infestation Pit  
  100  12:58  Lurker  
  100  12:59  Lurker x2  
  92  13:18  Lurker x3  
  95  13:20  Lurker  
  90  14:12  Corruptor x5  
  90  14:13  Corruptor  
  85  15:12  Hatchery  
  81  15:15  Hydralisk x5  
  81  15:16  Hydralisk x4  
  81  15:17  Hydralisk  
Tags
 
Add a new tag
Caveats
  • Supply blocks, unpowered buildings, or Contaminate may cause inaccurate times.
  • Supply counts are checked every 10 seconds.